 Dungeon Crawl Stone Soup version 0.29.1-15-g9cfb28693d (webtiles) character file.

Game seed: 10692531082964172911

206 BuddhaDhamma the Chopper (level 5, 0/45 HPs)
             Began as a Minotaur Berserker on Mar 3, 2023.
             Was a Believer of Trog.
             Succumbed to a crimson imp's poison
             ... on level 3 of the Dungeon.
             The game lasted 00:03:45 (2414 turns).

BuddhaDhamma the Chopper (Minotaur Berserker)       Turns: 2414, Time: 00:03:46

Health: 0/45       AC:  8    Str: 23    XL:     5   Next: 53%
Magic:  4/4        EV: 11    Int:  4    God:    Trog [**....]
Gold:   190        SH:  0    Dex: 22    Spells: 4/4 levels left

rFire   . . .      SeeInvis .   a - +0 hand axe
rCold   . . .      Faith    .   (no shield)
rNeg    . . .      Spirit   .   c - +0 scale mail
rPois   .          Reflect  .   o - +2 hat
rElec   .          Harm     .   (no cloak)
rCorr   .          Rampage  .   (no gloves)
Will    ++...                   (no boots)
Stlth   ..........              (no amulet)
HPRegen 1.15/turn               e - +6 ring of dexterity
MPRegen 0.09/turn               g - +6 ring of dexterity

@: lethally poisoned (0 -> -2), strong-willed, on berserk cooldown,
regenerating, slowed, very slow
A: horns 2, retaliatory headbutt
a: Renounce Religion, Berserk, Trog's Hand


You were on level 3 of the Dungeon.
You worshipped Trog.
Trog was pleased with you.
You visited 1 branch of the dungeon, and saw 3 of its levels.

You collected 190 gold pieces.

Inventory:

Hand Weapons
 a - a +0 hand axe (weapon)
Armour
 c - a +0 scale mail (worn)
 o - a +2 hat (worn)
Jewellery
 e - a +6 ring of dexterity (left hand)
 g - a +6 ring of dexterity (right hand)
 i - a ring of protection from fire
 k - an amulet of magic regeneration
Wands
 m - a wand of charming (3)
Scrolls
 h - a scroll of identify {unknown}
 n - 2 scrolls of fear {unknown}
Potions
 b - 2 potions of curing {unknown}
 d - a potion of lignification {unknown}
 f - a potion of attraction {unknown}
 j - a potion of resistance {unknown}
 l - a potion of magic {unknown}


   Skills:
 - Level 3.6 Fighting
 + Level 7.6 Axes
 - Level 2.4 Armour
 - Level 2.1 Dodging


You had 4 spell levels left.
You didn't know any spells.
Your spell library was empty.

Dungeon Overview and Level Annotations

Branches:
Dungeon (3/15)

Altars:
Elyvilon
Xom
The Shining One


Innate Abilities, Weirdness & Mutations

You have a pair of horns on your head.
You reflexively headbutt those who attack you in melee.


Message History

You hit the crimson imp.
The crimson imp is severely wounded.
The crimson imp hits you with a +2 dagger of chaos.
* * * LOW HITPOINT WARNING * * *
You are lethally poisoned!
A red film seems to cover your vision as you go berserk!
You feel yourself moving faster!
You feel mighty!
You feel very sick.
The crimson imp blinks!
The crimson imp enters a dispersal trap!
The crimson imp blinks! x2
Okay, then.
You feel a strong urge to attack something.
You feel sick.
You feel sick.
You feel your anger nearly subside.
You feel sick.
The crimson imp hits you but does no damage.
You are no longer berserk.
You are exhausted.
You feel yourself slow down.
You feel sick.
You feel sick.
The crimson imp blinks!
You barely miss the crimson imp.
The crimson imp is moderately wounded.
You feel sick. The crimson imp barely misses you. You furiously retaliate!
You headbutt the crimson imp.
You hit the crimson imp but do no damage.
You headbutt the crimson imp.
The crimson imp is almost dead.
You feel sick.
You are no longer poisoned.
The crimson imp hits you but does no damage.
You easily resist.
The crimson imp blinks!
The crimson imp hits you but does no damage.
You are lethally poisoned!
The crimson imp hits you.
* * * LOW HITPOINT WARNING * * *
Your skin crawls.
You feel strong-willed.
You die...

# #.# #### ###.#
###+####...# #
....^ #.#.# #
###._.###...# #
#.^.5.^5##.## #
#'## #.#
#..####.#######
##ยง.5@5.......#
############.#


You could see 2 crimson imps.

Vanquished Creatures
  A crimson imp (D:3)
  A jelly (D:3)
  4 gnolls
  5 adders
  2 worms (D:2)
  An orc (D:3)
  7 ball pythons
  2 endoplasms
  2 giant cockroaches
  2 goblins
  6 hobgoblins
  2 jackals (D:3)
  A quokka (D:3)
  4 bats
  4 frilled lizards
  A goblin skeleton (D:3)
  3 hobgoblin zombies (D:3)
  6 kobolds
  An orc skeleton (D:3)
  3 rats
58 creatures vanquished.

Notes
Turn   | Place    | Note
-------+----------+-------------------------------------------
     0 | D:1      | BuddhaDhamma the Minotaur Berserker began the quest for the
                  | Orb.
     0 | D:1      | Reached XP level 1. HP: 19/19 MP: 0/0
   126 | D:1      | Reached skill level 4 in Axes
   246 | D:1      | Reached XP level 2. HP: 12/26 MP: 1/1
   501 | D:1      | Found a faded altar of an unknown god.
   589 | D:1      | Reached skill level 5 in Axes
   815 | D:2      | Reached XP level 3. HP: 31/31 MP: 2/2
   869 | D:2      | Reached ** piety under Trog
  1186 | D:2      | HP: 2/46 [gnoll/+0 whip (6)]
  1187 | D:2      | Reached skill level 6 in Axes
  1187 | D:2      | Reached XP level 4. HP: 2/39 MP: 3/3
  1707 | D:2      | Found a white marble altar of Elyvilon.
  2129 | D:3      | Reached skill level 7 in Axes
  2129 | D:3      | Reached XP level 5. HP: 26/45 MP: 4/4
  2345 | D:3      | Found a glowing golden altar of the Shining One.
  2395 | D:3      | Found a shimmering altar of Xom.
  2413 | D:3      | HP: 2/45 [poisoned by a crimson imp]
  2414 | D:3      | Succumbed to a crimson imp's poison

Illustrated notes

Levels and vault maps discovered:
D:1:      shiori_shiawase, layout_rooms, ebering_ecumenical_altar_abandoned,
          minmay_tetromino_l2
D:2:      layout_basic, basic_altar
D:3:      layout_loops_cross, nicolae_tso_besieged_by_evil, led_xom_imps,
          saegor_snake_ambush

Skill      XL: |  1  2  3  4 |
---------------+-------------+-----
Axes           | 4 5 6 7 |  7.6
Fighting       | |  3.6
Armour         | |  2.4
Dodging        | |  2.1

Action                   |  1- 3 |  4- 6 || total
-------------------------+-------+-------++-------
Melee: Hand axe          |    76 |    62 ||   138
       Headbutt          |     7 |    16 ||    23
Invok: Berserk           |     1 |     1 ||     2
       Trog's Hand       |       |     1 ||     1
Armor: Scale mail        |    36 |    18 ||    54
       Animal skin       |     1 |       ||     1
Dodge: Dodged            |    46 |    27 ||    73
